 Dungeon Crawl Stone Soup version 0.29.0-7-g18a832c13a (webtiles) character file.

Game seed: 17510629025938248858

399 DuloT34 the Grave Robber (level 7, -17/53 HPs)
             Began as a Human Necromancer on Sept 1, 2022.
             Engulfed by a cloud of flame (20 damage)
             ... on level 4 of the Dungeon.
             The game lasted 00:15:45 (4480 turns).

DuloT34 the Grave Robber (Human Necromancer)        Turns: 4480, Time: 00:15:45

Health: -17/53     AC:  2    Str:  8    XL:     7   Next: 10%
Magic:  9/13       EV: 12    Int: 18    God:
Gold:   197        SH:  0    Dex: 13    Spells: 6/14 levels left

rFire   . . .      SeeInvis .   c - +1 dagger
rCold   . . .      Faith    .   (no shield)
rNeg    . . .      Spirit   .   a - +0 robe
rPois   .          Reflect  .   (no helmet)
rElec   .          Harm     .   (no cloak)
rCorr   .          Rampage  .   (no gloves)
Will    .....                   (no boots)
Stlth   ++........              i - amulet of magic regeneration
HPRegen 0.17/turn               (no ring)
MPRegen 0.53/turn               (no ring)

@: weak-willed
A: mutation resistance 1, subdued magic 1
a: no special abilities


You were on level 4 of the Dungeon.
You visited 1 branch of the dungeon, and saw 5 of its levels.

You collected 197 gold pieces.

Inventory:

Hand Weapons
 c - a +1 dagger (weapon)
Missiles
 e - 10 javelins
Armour
 a - a +0 robe (worn)
Jewellery
 i - an amulet of magic regeneration (around neck)
Wands
 h - a wand of quicksilver (2)
 o - a wand of digging (6)
 t - a wand of paralysis (10)
Scrolls
 f - 2 scrolls of magic mapping
 m - a scroll of brand weapon {unknown}
 n - 2 scrolls of teleportation
 q - a scroll of fear
Potions
 b - a potion of magic
 j - a potion of attraction {unknown}
 k - 2 potions of might {unknown}
 p - a potion of invisibility {unknown}
 r - a potion of heal wounds {unknown}


   Skills:
 + Level 3.6 Fighting
 - Level 2.0 Dodging
 - Level 2.0 Stealth
 + Level 4.0 Spellcasting
 + Level 5.6 Necromancy


You had 6 spell levels left.
You knew the following spells:

 Your Spells              Type           Power      Damage    Failure   Level
a - Necrotise             Necr           72%        1d7       1%          1
b - Vampiric Draining     Necr           18%        2d7       3%          3
c - Animate Dead          Necr           18%        N/A       12%         4

Your spell library contained the following spells:

 Spells                   Type           Power      Damage    Failure   Level
 Agony                    Necr           18%        N/A       34%         5


Dungeon Overview and Level Annotations

Branches:
Dungeon (5/15)
 Temple: D:4-7

Altars:
Gozag
Makhleb

Shops:
D:4 *


Innate Abilities, Weirdness & Mutations

You are somewhat resistant to further mutation.
Your spells are a little easier to cast, but a little less powerful.


Message History

Your adder skeleton bites the iguana.
The iguana bites something.
Your adder skeleton closely misses the iguana.
Your orc zombie hits the iguana but does no damage.
There is a stone staircase leading down here.
You climb downwards.
The lemure shouts! x3
There is a stone staircase leading up here.
You climb upwards.
Your adder skeleton crumbles into dust!
Your orc zombie crumbles into dust!
There is a stone staircase leading down here.
Casting: Necrotise (safe; 1% risk of failure)
Confirm with . or Enter, or press ? or * to list all spells.
Aiming: Necrotise (safe; 1% risk of failure)
Press: ? - help, Shift-Dir - straight line, f - iguana
Aim: an iguana (lightly wounded, chance to affect: 83%)
Okay, then.
As you read the scroll labelled OLEHUUSSOM, it crumbles to dust.
Magic quickly surges around you.
It was a scroll of vulnerability.
As you read the scroll labelled NOTOITA MI TUGH, it crumbles to dust.
The creatures around you are filled with an inner flame!
It was a scroll of immolation.
Casting: Necrotise (safe; 1% risk of failure)
Confirm with . or Enter, or press ? or * to list all spells.
Aiming: Necrotise (safe; 1% risk of failure)
Press: ? - help, Shift-Dir - straight line, f - iguana
Aim: an iguana (lightly wounded, inner flame, weak-willed, chance to affect: 85%)
The iguana writhes in agony.
Flame seeps out of the iguana.
The iguana is engulfed in blazing flames.
Flame seeps out of the iguana.
Casting: Necrotise (safe; 1% risk of failure)
Confirm with . or Enter, or press ? or * to list all spells.
Aiming: Vampiric Draining (dangerous; 3% risk of failure)
Press: ? - help, Shift-Dir - straight line, f/p - iguana
Aim: an iguana (severely wounded, inner flame, weak-willed)
You draw life force from the iguana!
You feel life coursing into your body.
The iguana explodes!
The fiery explosion engulfs you!
* * * LOW HITPOINT WARNING * * *
You are engulfed in blazing flames.
You die...

##.....).Z......
....
##......#........
....
#.......#.####...
...###........#
#...
#..#..#..>####
#... ##.##.#...#
#... #...#.....#
#... #.#.§§...##
##.# #..@§§...#
#.# ##.#######
##.# #. ### #.).
.. ##.#######..
### #.....##....
##.##.##.##.
#....##.##.
###........
#.###.#.#


There were no monsters in sight!

Vanquished Creatures
  A scorpion (D:4)
  A howler monkey (D:4)
  3 iguanas (D:4)
  Natasha (thrice) (D:2)
  Robin (D:3)
  4 gnolls
  3 adders
  A worm (D:3)
  3 dart slugs (D:2)
  7 orcs
  5 endoplasms
  5 giant cockroaches
  11 goblins
  6 hobgoblins
  3 jackals (D:3)
  5 kobolds
  2 quokkas
  2 ball pythons
  4 bats
  4 frilled lizards
  3 rats
77 creatures vanquished.

Vanquished Creatures (collateral kills)
  An orc (D:4)
  A ball python (D:1)
  3 goblins
  A hobgoblin (D:3)
  3 quokkas
9 creatures vanquished.

Vanquished Creatures (others)
  A howler monkey zombie (D:4)
  A jackal (D:3)
  A giant cockroach zombie (D:4)
  2 orc zombies (D:4)
5 creatures vanquished.

Grand Total: 91 creatures vanquished

Notes
Turn   | Place    | Note
-------+----------+-------------------------------------------
     0 | D:1      | DuloT34 the Human Necromancer began the quest for the Orb.
     0 | D:1      | Reached XP level 1. HP: 13/13 MP: 3/3
   647 | D:1      | Reached XP level 2. HP: 20/20 MP: 3/5
  1258 | D:2      | Reached skill level 1 in Fighting
  1566 | D:2      | Reached XP level 3. HP: 26/26 MP: 6/6
  1602 | D:2      | Noticed Natasha
  2176 | D:2      | HP: 1/26 [white imp/puff of frost[Natasha] (8)]
  2183 | D:2      | You fall into a shaft and drop 1 floor!
  2575 | D:3      | Noticed Robin
  2592 | D:3      | Killed Robin
  2593 | D:3      | Reached XP level 4. HP: 20/33 MP: 3/8
  2612 | D:3      | Gained mutation: You have a somewhat thin skeletal
                  | structure. (Dex +2, Stealth+) [potion of mutation]
  2612 | D:3      | Gained mutation: You sometimes lose your temper in combat.
                  | [potion of mutation]
  2612 | D:3      | Gained mutation: You are frail. (-10% HP) [potion of
                  | mutation]
  2612 | D:3      | Gained mutation: You are somewhat resistant to further
                  | mutation. [potion of mutation]
  2613 | D:3      | Lost mutation: You are frail. (-10% HP) [potion of
                  | mutation]
  2613 | D:3      | Lost mutation: You have a somewhat thin skeletal structure.
                  | (Dex +2, Stealth+) [potion of mutation]
  2613 | D:3      | Lost mutation: You sometimes lose your temper in combat.
                  | [potion of mutation]
  2613 | D:3      | Gained mutation: Your spells are a little easier to cast,
                  | but a little less powerful. [potion of mutation]
  2620 | D:3      | Learned a level 3 spell: Vampiric Draining
  2986 | D:3      | Found a faded altar of an unknown god.
  3085 | D:3      | Learned a level 4 spell: Animate Dead
  3195 | D:2      | Killed Natasha
  3196 | D:2      | Reached XP level 5. HP: 30/38 MP: 2/9
  3216 | D:2      | Noticed Natasha
  3221 | D:2      | Killed Natasha
  3326 | D:2      | Noticed Natasha
  3331 | D:2      | Killed Natasha
  3409 | D:2      | Reached skill level 5 in Necromancy
  3725 | D:3      | Reached XP level 6. HP: 46/46 MP: 7/11
  4157 | D:3      | Found a burning altar of Makhleb.
  4157 | D:3      | Noticed a blizzard demon
  4208 | D:4      | Found an opulent altar of Gozag.
  4213 | D:4      | Found Gozag's Platinum Reserve.
  4448 | D:4      | Reached XP level 7. HP: 9/52 MP: 1/13
  4472 | D:5      | Entered Level 5 of the Dungeon
  4480 | D:4      | Engulfed by a cloud of flame

Illustrated notes

Levels and vault maps discovered:
D:1:      matt_arrival_spirals, layout_basic, chequers_serial_rivers_micro_d,
          chequers_serial_rivers_micro_c
D:2:      layout_basic, serial_rivers, chequers_serial_rivers_micro_c,
          chequers_serial_rivers_small_b, chequers_serial_rivers_small_b,
          chequers_serial_rivers_large_a, chequers_serial_rivers_micro_d,
          uniq_natasha
D:3:      layout_rooms, makhleb_altar_promises_db, basic_ecumenical_altar,
          minmay_unequal, uniq_robin
D:4:      layout_loops_cross, zin_angel, nicolae_gozag_zags_fifth_avenue,
          nicolae_figureground_sparkle
D:5:      layout_basic, minmay_temple_entry_wispy, kennysheep_decorative_pillar,
          minmay_statues_item, uniq_duvessa, uniq_pikel

Skill      XL: |  1  2  3  4  5  6 |
---------------+-------------------+-----
Fighting       | 1 2 3 |  3.6
Spellcasting   | 3 4 |  4.0
Necromancy     | 5 |  5.6
Dodging        | |  2.0
Stealth        | |  2.0

Action                   |  1- 3 |  4- 6 |  7- 9 || total
-------------------------+-------+-------+-------++-------
Melee: Unarmed           |     5 |       |       ||     5
       Dagger            |    17 |    17 |     5 ||    39
       Punch             |       |       |     1 ||     1
 Cast: Necrotise         |    72 |    67 |     3 ||   142
       Vampiric Draining |       |    30 |     2 ||    32
       Animate Dead      |       |     1 |       ||     1
  Use: Scroll            |     3 |     3 |     2 ||     8
       Potion            |     1 |     3 |     1 ||     5
Armor: Robe              |    10 |     9 |     2 ||    21
Dodge: Dodged            |    43 |    44 |     6 ||    93
